Map: Tours du crépuscule

Players

Worming

  • Race: Zerg Zerg
  • League: Diamond

Kiyowara - Winner!

  • Race: Terran Terran
  • League: Diamond

VOD

Have the link to the VOD?

Description

Time

  • Played on: Dec. 17, 2015, 11:52 a.m.
  • Length: 14:49
Show
View Real Time Build Order
Export as new Build Order

Worming Zerg 

Build Orders: Hatch First 

Get SALT Encoding   

  12  0:01  Drone  
  13  0:12  Overlord  
  13  0:17  Drone  
  14  0:30  Drone x2  
  16  0:51  Drone, Hatchery  
  16  0:55  Drone  
  17  1:12  Drone, Spawning Pool  
  17  1:15  Drone  
  18  1:19  Drone  
  19  1:27  Extractor  
  19  1:29  Drone  
  19  1:46  Overlord  
  19  1:59  Queen  
  19  2:00  Zergling x2  
  22  2:02  Queen  
  22  2:04  Drone x2  
  26  2:10  Drone  
  27  2:21  Zergling x2  
  28  2:26  Drone x2  
  30  2:31  Metabolic Boost  
  30  2:34  Queen  
  32  2:40  Extractor  
  30  2:58  Overlord  
  31  3:00  Drone x4  
  35  3:12  Hatchery  
  34  3:14  Drone  
  34  3:16  Overlord  
  34  3:17  Drone x3  
  38  3:33  Drone x4  
  42  3:39  Overlord  
  42  3:41  Overlord  
  42  3:46  Drone x5  
  47  3:52  Spore Crawler  
  47  3:53  Spore Crawler  
  45  4:00  Roach Warren  
  44  4:05  Overlord  
  44  4:09  Zergling x10  
  49  4:23  Spore Crawler  
  48  4:30  Evolution Chamber x2  
  46  4:31  Extractor  
  46  4:37  Drone x6, Extractor  
  50  4:39  Extractor  
  50  4:40  Lair  
  49  4:56  Zerg Melee Weapons Level 1, Zerg Ground Armor Level 1  
  49  4:59  Drone x3  
  52  5:00  Baneling Nest, Drone x3  
  52  5:04  Drone x3  
  57  5:08  Drone x2  
  59  5:21  Drone x2  
  59  5:26  Roach  
  59  5:27  Roach x4  
  66  5:42  Spore Crawler  
  66  5:44  Spore Crawler  
  66  5:48  Ravager x3  
  67  5:54  Queen  
  71  5:57  Drone x5  
  74  6:07  Overlord x3  
  74  6:23  Overlord  
  74  6:26  Drone x8  
  74  6:30  Centrifical Hooks  
  82  6:38  Hatchery  
  80  6:40  Spire  
  79  6:47  Drone x5  
  79  6:50  Drone x3, Extractor  
  79  6:51  Extractor  
  85  6:57  Zerg Melee Weapons Level 2  
  85  7:00  Zerg Ground Armor Level 2  
  85  7:04  Infestation Pit  
  84  7:29  Drone x13  
  97  7:31  Overlord x3  
  97  7:50  Overlord  
  99  7:52  Queen  
  99  7:58  Overlord x3  
  101  7:59  Zergling x14  
  101  8:00  Zergling x6  
  101  8:03  Hive  
  101  8:04  Pathogen Glands  
  109  8:09  Extractor  
  109  8:10  Drone x3, Extractor  
  109  8:11  Drone x3  
  114  8:12  Drone  
  114  8:13  Queen  
  114  8:19  Zergling x2  
  117  8:20  Zergling x4  
  117  8:22  Baneling  
  117  8:23  Baneling x8  
  117  8:24  Baneling x6  
  119  8:37  Zergling x2  
  119  8:38  Zergling x18  
  119  8:41  Overlord x2  
  129  8:53  Overlord  
  107  9:23  Hatchery  
  103  9:26  Hatchery  
  103  9:29  Zerg Ground Armor Level 3, Zerg Melee Weapons Level 3  
  103  9:31  Ultralisk Cavern, Adrenal Glands  
  102  9:32  Zergling x10  
  102  9:33  Zergling x28  
  115  9:47  Zergling x10  
  115  9:50  Baneling x3  
  115  9:51  Baneling x4  
  118  9:55  Zergling x10  
  120  10:17  Chitinous Plating  
  120  10:20  Zergling x20  
  124  10:34  Ultralisk x5  
  128  10:37  Ultralisk  
  131  11:02  Ultralisk  
  123  11:20  Zergling x30  
  87  11:48  Queen  
  71  11:55  Zergling x18  
  68  12:06  Zergling x14  
  56  12:25  Ultralisk x3  
  67  12:49  Ultralisk  
  77  12:51  Ultralisk  
  71  13:30  Ultralisk x3  
  75  13:47  Infestor x5  
  79  13:50  Zergling x2  
  79  13:51  Zergling x2  
  75  14:04  Swarm Host  
Show
View Real Time Build Order
Export as new Build Order

Kiyowara Terran - Winner!

Build Orders: Liberator Opening, Reaper Expand, Bio Tank 

Get SALT Encoding   

  12  0:02  SCV  
  14  0:14  SCV  
  14  0:22  Supply Depot  
  14  0:26  SCV  
  15  0:43  SCV  
  15  0:44  Barracks  
  15  0:46  Refinery  
  16  0:55  SCV  
  17  1:07  SCV  
  18  1:19  SCV  
  19  1:31  Orbital Command, Reaper  
  20  1:44  Command Center  
  20  1:48  Supply Depot  
  20  1:56  Refinery  
  20  1:57  SCV  
  21  2:09  Factory, SCV  
  21  2:14  Marine  
  23  2:21  SCV  
  24  2:32  Marine  
  24  2:33  SCV  
  26  2:45  SCV  
  27  2:51  Marine  
  27  2:57  Orbital Command, SCV  
  27  2:58  Factory Reactor, Starport  
  29  3:10  SCV, Marine  
  31  3:22  SCV  
  31  3:24  Liberator, SCV  
  33  3:30  Liberator  
  33  3:31  Marine  
  33  3:34  SCV  
  35  3:36  SCV  
  35  3:41  Refinery, Factory Tech Lab  
  36  3:46  SCV  
  43  3:49  SCV  
  44  3:56  Command Center  
  44  3:58  SCV  
  44  4:01  Supply Depot, SCV  
  46  4:09  Barracks Tech Lab  
  46  4:23  Siege Tank, SCV x2  
  51  4:33  Marine  
  51  4:34  Stimpack  
  51  4:35  SCV x2  
  51  4:37  Barracks  
  54  4:39  Barracks  
  54  4:40  Refinery  
  54  4:44  Supply Depot  
  54  4:48  SCV  
  54  5:05  Medivac, Engineering Bay, SCV x2, Marine  
  54  5:06  Engineering Bay  
  59  5:07  Supply Depot  
  59  5:08  Orbital Command  
  59  5:18  SCV x2  
  61  5:23  Marine  
  62  5:30  SCV  
  62  5:31  SCV  
  62  5:32  Barracks Reactor  
  62  5:33  Barracks  
  62  5:34  Barracks Tech Lab  
  64  5:39  Barracks  
  64  5:42  SCV  
  65  5:43  SCV x2  
  65  5:44  Terran Infantry Weapons Level 1, Terran Infantry Armor Level 1  
  65  5:46  Siege Tank  
  65  5:47  Medivac  
  72  5:50  Marine  
  72  5:54  SCV  
  72  5:55  SCV  
  75  5:58  SCV  
  76  6:05  Armory, Missile Turret  
  76  6:06  SCV, Factory  
  76  6:07  SCV  
  76  6:08  Marine  
  76  6:09  Combat Shields, Marine x2  
  76  6:10  SCV  
  82  6:12  Marine  
  83  6:20  SCV  
  83  6:21  Supply Depot x2  
  83  6:23  Barracks Tech Lab  
  83  6:25  SCV  
  85  6:42  SCV x3, Marine  
  85  6:43  Marine x2  
  85  6:45  Barracks Tech Lab, Supply Depot  
  85  6:46  Supply Depot  
  91  6:49  Supply Depot  
  91  6:50  Refinery, Factory Tech Lab, Siege Tank  
  94  6:55  Fusion Core, Starport  
  94  6:57  Refinery, Terran Vehicle Weapons Level 1  
  94  6:58  SCV x2  
  96  7:02  Missile Turret  
  96  7:06  SCV  
  97  7:09  Siege Tank, Supply Depot  
  97  7:10  SCV  
  100  7:19  SCV  
  100  7:20  SCV  
  102  7:24  Marine x2  
  102  7:26  Siege Tank, Marauder  
  102  7:28  Marauder  
  102  7:29  Concussive Shells, Marauder x2  
  115  7:36  Supply Depot  
  114  7:38  SCV  
  114  7:41  Marine  
  116  7:50  Starport Tech Lab  
  116  7:51  Siege Tank, Barracks  
  114  7:52  Marine, Marauder  
  114  7:53  Marauder x2  
  114  7:58  Terran Infantry Weapons Level 2, Siege Tank  
  127  7:59  Marine  
  128  8:10  Marine  
  129  8:14  Marauder  
  129  8:16  Marine x2  
  129  8:17  Marine  
  134  8:28  Marine  
  134  8:30  Supply Depot  
  134  8:31  Command Center  
  134  8:32  Siege Tank x2  
  141  8:34  Advanced Ballistics  
  141  8:40  Supply Depot  
  141  8:51  Marauder x2, Marine x2  
  147  8:59  Marine  
  148  9:04  Siege Tank  
  148  9:09  Marauder, Marine  
  148  9:13  Marauder  
  150  9:19  Marine  
  150  9:20  Marauder  
  150  9:21  Siege Tank  
  150  9:22  Medivac  
  155  9:27  Marine  
  155  9:30  Marine  
  156  9:33  Barracks  
  156  9:34  Terran Vehicle Weapons Level 2, Barracks x2, Marine  
  156  9:35  Terran Infantry Armor Level 2  
  156  9:37  Barracks Tech Lab  
  157  9:41  Barracks  
  157  9:43  Medivac, Siege Tank, Marine x2  
  157  9:44  Marine  
  165  9:48  Marine  
  166  9:57  Marine x2  
  166  9:58  Siege Tank  
  171  10:00  Marine  
  171  10:02  Refinery  
  171  10:05  Planetary Fortress  
  172  10:07  Medivac  
  172  10:08  Marine x2  
  172  10:18  Refinery  
  172  10:28  Marine x2  
  172  10:29  Marauder  
  172  10:31  Medivac, Marauder  
  171  10:43  Medivac  
  171  10:46  Siege Tank, Marine x2  
  172  10:52  Supply Depot  
  172  10:54  Barracks Tech Lab, Supply Depot  
  172  10:55  Barracks Tech Lab, Barracks Reactor  
  172  11:00  Marine  
  172  11:01  Marine  
  172  11:13  Marine  
  172  11:14  Siege Tank, Marauder x2  
  172  11:15  Medivac, Marine  
  172  11:18  Marine  
  183  11:20  Marauder  
  183  11:22  Marine x2  
  188  11:34  Marine  
  188  11:35  Medivac, Marine x2  
  188  11:36  Marine x2  
  169  11:40  Marine  
  169  11:45  Medivac  
  147  11:56  Marine  
  147  11:57  Marauder x4, Marine x4  
  147  11:58  Siege Tank, Marine  
  140  12:05  Medivac  
  137  12:14  Marine x3  
  137  12:15  Marine  
  137  12:18  Marine x2  
  137  12:19  Marauder x2, Siege Tank, Marine x2  
  137  12:20  Medivac  
  144  12:30  Siege Tank  
  144  12:32  Marine  
  144  12:35  Medivac  
  144  12:37  Marauder  
  152  12:39  Liberator  
  152  12:40  Liberator  
  152  12:54  Marine x6  
  152  12:55  Siege Tank, Marauder x3  
  152  12:58  Barracks Tech Lab  
  173  13:02  Siege Tank  
  173  13:03  Supply Depot  
  176  13:08  Supply Depot  
  167  13:29  Marine  
  167  13:30  Marauder x3, Marine x4  
  167  13:31  Marauder  
  167  13:33  Liberator  
  166  13:43  Marine  
  166  13:47  Marine x2  
  159  13:48  Marauder  
  159  13:51  Marauder  
  158  14:02  Marine  
  158  14:03  Marauder x2, Marine  
  158  14:08  Marine  
  158  14:09  Siege Tank  
Tags
 
Add a new tag
Caveats
  • Supply blocks, unpowered buildings, or Contaminate may cause inaccurate times.
  • Supply counts are checked every 10 seconds.